 Dungeon Crawl Stone Soup version 0.29.1-12-g30fa7ad0bf (webtiles) character file.

Game seed: 6597332646394140495

23234 sanboga the Brawler (level 12, 0/111 HPs)
             Began as a Troll Monk on Jan 2, 2023.
             Was a High Priest of Hepliaklqana.
             Slain by a ten-headed hydra (2 damage)
             ... on level 12 of the Dungeon on Jan 3, 2023.
             The game lasted 00:18:40 (9050 turns).

sanboga the Brawler (Troll Monk)                    Turns: 9050, Time: 00:18:40

Health: 0/111      AC:  9    Str: 26    XL:     12   Next: 70%
Magic:  0/11       EV: 17    Int:  6    God:    Hepliaklqana [*****.]
Gold:   881        SH:  0    Dex: 12    Spells: 11/11 levels left

rFire   . . .      SeeInvis .     - Unarmed
rCold   . . .      Faith    .   (no shield)
rNeg    . . .      Spirit   +   a - +1 robe
rPois   .          Reflect  .   (helmet restricted)
rElec   .          Harm     .   (no cloak)
rCorr   .          Rampage  .   (gloves unavailable)
Will    .....                   (boots unavailable)
Stlth   ++........              d - amulet of guardian spirit
HPRegen 1.08/turn               u - +4 ring of protection
MPRegen 0.12/turn               q - +4 ring of evasion

@: no status effects
A: reduced essence, large, unfitting armour, claws 3, regeneration 1, shaggy fur
1, tough skin 1
a: Renounce Religion, Recall Ancestor, Ancestor Identity, Transference, Idealise


You were on level 12 of the Dungeon.
You worshipped Hepliaklqana.
Hepliaklqana was extremely pleased with you.
You visited 3 branches of the dungeon, and saw 14 of its levels.

You collected 881 gold pieces.

Inventory:

Hand Weapons
 y - the +0 staff of Battle
   (You acquired it on level 9 of the Dungeon)

   It enhances your conjuration magic.
   It summons a battlesphere in combat, with strength depending on Conjurations
   skill.
   Its strikes trigger the battlesphere's blasts.
Armour
 a - a +1 robe (worn)
Jewellery
 d - an amulet of guardian spirit (around neck)
 q - a +4 ring of evasion (right claw)
 u - a +4 ring of protection (left claw)
 z - a ring of see invisible
Wands
 c - a wand of mindburst (12)
 g - a wand of flame (11)
 j - a wand of polymorph (5)
 v - a wand of iceblast (12)
Scrolls
 e - 2 scrolls of teleportation
 f - 2 scrolls of amnesia {unknown}
 h - 3 scrolls of enchant armour
 o - 5 scrolls of magic mapping {unknown}
 w - a scroll of fog {unknown}
 A - a scroll of silence {unknown}
 E - a scroll of blinking
Potions
 b - 4 potions of ambrosia
 i - 3 potions of flight
 k - 7 potions of curing
 n - a potion of haste
 p - 2 potions of magic
 r - a potion of berserk rage
 t - a potion of invisibility
 x - 2 potions of cancellation
 D - a potion of heal wounds


   Skills:
 + Level 9.5 Fighting
 + Level 9.6 Dodging
 - Level 1.0 Stealth
 * Level 15.4 Unarmed Combat


You had 11 spell levels left.
You didn't know any spells.
Your spell library contained the following spells:

 Spells                   Type           Power      Damage    Failure   Level
 Sting                    Tmut/Pois      0%         1d3       45%         1
 Poisonous Vapours        Pois/Air       0%         N/A       58%         2
 Call Canine Familiar     Summ           0%         N/A       83%         3
 Portal Projectile        Hex/Tloc       0%         N/A       83%         3
 Leda's Liquefaction      Hex/Erth       0%         N/A       99%         4
 Olgreb's Toxic Radiance  Pois           0%         N/A       99%         4


Dungeon Overview and Level Annotations

Branches:
Dungeon (12/15)            Temple (1/1) D:4            Lair (1/5) D:9
    Orc: D:9-12

Altars:
Gozag
Hepliaklqana
Qazlal
Trog
Vehumet
Xom
The Shining One

Shops:
D:6 *


Innate Abilities, Weirdness & Mutations

Your life essence is reduced to manifest your ancestor. (-10% HP)
You are too large for most types of armour.
You have claws for hands.
Your natural rate of healing is unusually fast.
You are covered in fur. (AC +1)
You have tough skin. (AC +1)


Message History

The seven-headed hydra grows two more!
You mangle the nine-headed hydra!!
The nine-headed hydra is almost dead.
The nine-headed hydra bites you.
The nine-headed hydra bites you but does no damage. x2
The nine-headed hydra bites you.
* * * LOW HITPOINT WARNING * * *
The nine-headed hydra bites you!
* * * LOW HITPOINT WARNING * * *
The nine-headed hydra closely misses you.
The nine-headed hydra bites you.
* * * LOW HITPOINT WARNING * * *
The nine-headed hydra misses you.
The nine-headed hydra closely misses you.
Osbert hits the nine-headed hydra with a +0 dagger of draining.
You barely miss the nine-headed hydra.
The nine-headed hydra is almost dead.
Osbert hits the nine-headed hydra with a +0 dagger of draining.
The nine-headed hydra bites you.
* * * LOW HITPOINT WARNING * * *
The nine-headed hydra bites you but does no damage.
The nine-headed hydra bites you!
* * * LOW HITPOINT WARNING * * *
The nine-headed hydra bites you but does no damage.
The nine-headed hydra completely misses you.
The nine-headed hydra closely misses you.
The nine-headed hydra bites you.
* * * LOW HITPOINT WARNING * * *
The nine-headed hydra closely misses you.
The nine-headed hydra bites you.
* * * LOW HITPOINT WARNING * * *
Osbert points at the nine-headed hydra and mumbles some strange words.
The nine-headed hydra resists with almost no effort.
You catch the helpless nine-headed hydra completely off-guard!
You tear one of the nine-headed hydra's heads off!
The eight-headed hydra grows two more!
You claw the ten-headed hydra!
The ten-headed hydra is almost dead.
The ten-headed hydra closely misses you. x2
The ten-headed hydra bites you but does no damage.
The ten-headed hydra bites you.
You die...

#(..# #.<.#
#...# #...# .
#...# ..
#...######...
#!...........
#............
#...D@.......
#....R.......
#............
...............
................
............O...
.####...........
#...........


You could see the friendly Osbert the hexer, a ten-headed hydra (ally target)
and a two-headed ogre.

Vanquished Creatures
  2 hydras (D:11)
  A boulder beetle (D:11)
  A centaur warrior (D:11)
  2 tengu warriors (D:11)
  Amaemon (D:11)
  An ugly thing (D:11)
  A cyclops (D:11)
  2 manticores (D:11)
  Psyche (D:11)
  An unseen horror (D:11)
  A meliai (shapeshifter) (D:11)
  A polar bear (D:8)
  2 trolls (D:11)
  A hornet (D:7)
  2 slime creatures (D:12)
  Sigmund (D:5)
  A shadow (D:8)
  2 wraiths (D:11)
  A vampire (D:11)
  3 wyverns
  2 basilisks (D:9)
  21 yaks
  2 unseen horror simulacra (D:8)
  A steam dragon (D:8)
  Edmund (D:6)
  2 water moccasins (D:9)
  2 acid dragons
  3 orc warriors
  5 ice beasts
  2 sky beasts (D:6)
  An ogre (D:8)
  3 centaurs
  A phantom (D:6)
  A kobold brigand (D:5)
  A necrophage (D:7)
  3 bullfrogs
  3 scorpions
  15 wights
  8 killer bees (D:10)
  9 howler monkeys
  3 electric eels (D:8)
  3 crimson imps (D:5)
  A hound (D:6)
  2 jellies
  2 gnoll boudas
  6 orc priests
  Natasha (thrice) (D:2)
  7 iguanas
  5 orc wizards
  A statue (D:5)
  A centaur simulacrum (D:8)
  Robin (D:2)
  5 adders
  17 gnolls
  A shadow imp (D:7)
  4 white imps
  An ufetubus (D:7)
  2 dart slugs
  A worm (D:4)
  53 orcs
  8 ball pythons
  10 endoplasms
  2 giant cockroaches
  19 goblins
  5 hobgoblins
  15 jackals
  3 quokkas
  8 bats
  2 frilled lizards (D:1)
  10 kobolds
  13 rats
328 creatures vanquished.

Vanquished Creatures (collateral kills)
  A hydra (D:11)
  2 two-headed ogres
  A cyclops (D:11)
  An orange demon (D:11)
  A meliai (D:11)
  A slime creature (D:12)
  A shadow (D:11)
  A wyvern (D:9)
  6 yaks
  A basilisk (shapeshifter) (D:11)
  A water moccasin (D:9)
  An orc warrior (D:9)
  2 ice beasts
  An ogre (D:4)
  A centaur (D:11)
  A phantom (D:4)
  A kobold brigand (D:9)
  A bullfrog (D:6)
  2 wights
  3 killer bees (D:10)
  4 electric eels (D:8)
  5 howler monkeys
  A crimson imp (D:5)
  2 hounds
  3 orc wizards
  2 gnolls (D:5)
  12 orcs
  A jackal (D:5)
  A kobold (D:9)
61 creatures vanquished.

Vanquished Creatures (others)
  5 hexers
  A bush (D:9)
  3 fungi (D:9)
  34 plants
43 creatures vanquished.

Grand Total: 432 creatures vanquished

Notes
Turn   | Place    | Note
-------+----------+-------------------------------------------
     0 | D:1      | sanboga the Troll Monk began the quest for the Orb.
     0 | D:1      | Reached XP level 1. HP: 22/22 MP: 0/0
    92 | D:1      | Found a faded altar of an unknown god.
   103 | D:1      | Reached XP level 2. HP: 22/29 MP: 1/1
   573 | D:1      | Reached XP level 3. HP: 36/36 MP: 2/2
   849 | D:2      | Noticed Natasha
   854 | D:2      | Killed Natasha
   855 | D:2      | Reached skill level 4 in Unarmed Combat
   861 | D:2      | Noticed Natasha
   869 | D:2      | Killed Natasha
   870 | D:2      | Reached XP level 4. HP: 31/45 MP: 3/3
   879 | D:2      | Noticed Natasha
   885 | D:2      | Killed Natasha
   998 | D:2      | Noticed Robin
  1095 | D:2      | Killed Robin
  1096 | D:2      | Reached XP level 5. HP: 53/53 MP: 4/4
  1595 | D:3      | Identified the +2 sling of Midsummer {venom, MP+9}
  1631 | D:3      | You fall into a shaft and drop 1 floor!
  1996 | D:4      | Found a staircase to the Ecumenical Temple.
  2035 | D:4      | Reached skill level 5 in Unarmed Combat
  2058 | Temple   | Entered the Ecumenical Temple
  2084 | Temple   | Became a worshipper of Hepliaklqana the Forgotten
  2084 | Temple   | Reached * piety under Hepliaklqana
  2084 | Temple   | Reached ** piety under Hepliaklqana
  2085 | Temple   | Remembered your ancestor Osbert as a hexer
  2212 | D:4      | Reached XP level 6. HP: 43/54 MP: 5/5
  2505 | D:5      | Entered Level 5 of the Dungeon
  2543 | D:5      | Reached skill level 6 in Unarmed Combat
  2543 | D:5      | Reached XP level 7. HP: 61/61 MP: 6/6
  2854 | D:5      | Found a radiant altar of Vehumet.
  2959 | D:5      | Reached skill level 7 in Unarmed Combat
  2972 | D:5      | Reached XP level 8. HP: 54/71 MP: 7/7
  3253 | D:5      | Found a shimmering altar of Xom.
  3270 | D:5      | Noticed Sigmund
  3427 | D:5      | Killed Sigmund
  3428 | D:5      | Reached skill level 5 in Fighting
  3428 | D:5      | Reached skill level 5 in Dodging
  3428 | D:5      | Reached skill level 8 in Unarmed Combat
  3445 | D:6      | Reached *** piety under Hepliaklqana
  3481 | D:6      | Found Haecs's General Store.
  3721 | D:6      | Noticed Edmund
  3743 | D:6      | Killed Edmund
  3746 | D:6      | Reached XP level 9. HP: 40/79 MP: 8/8
  3834 | D:6      | Reached skill level 9 in Unarmed Combat
  4643 | D:7      | Reached skill level 10 in Unarmed Combat
  4685 | D:7      | Reached **** piety under Hepliaklqana
  5156 | D:7      | Found a glowing golden altar of the Shining One.
  5266 | D:8      | Reached XP level 10. HP: 90/90 MP: 9/9
  5474 | D:8      | Reached skill level 11 in Unarmed Combat
  6026 | D:8      | Reached skill level 12 in Unarmed Combat
  6525 | D:9      | Reached ***** piety under Hepliaklqana
  6545 | D:9      | Reached XP level 11. HP: 85/98 MP: 10/10
  6681 | D:9      | Found a staircase to the Lair.
  6796 | D:9      | Identified a scroll of acquirement
  6797 | D:9      | Acquired the +0 staff of Battle
  6797 | D:9      | Found the +0 staff of Battle
  6808 | Lair:1   | Entered Level 1 of the Lair of Beasts
  6820 | D:10     | Entered Level 10 of the Dungeon
  6878 | D:10     | Reached skill level 13 in Unarmed Combat
  7000 | D:10     | Noticed a two-headed ogre
  7008 | D:10     | Killed a two-headed ogre
  7090 | D:10     | Found an opulent altar of Gozag.
  7625 | D:11     | Noticed an eight-headed hydra
  7634 | D:11     | Killed a ten-headed hydra
  7660 | D:11     | Noticed a two-headed ogre
  7668 | D:11     | Killed a two-headed ogre
  7702 | D:11     | HP: 4/101 [yak (5)]
  7819 | D:11     | Reached skill level 14 in Unarmed Combat
  7903 | D:11     | Noticed Psyche
  7910 | D:11     | Killed Psyche
  7945 | D:11     | Noticed Amaemon
  7954 | D:11     | Killed Amaemon
  7955 | D:11     | Reached XP level 12. HP: 94/109 MP: 8/11
  8344 | D:11     | Noticed a tengu warrior
  8355 | D:11     | Killed a tengu warrior
  8492 | D:11     | Noticed a centaur warrior
  8500 | D:11     | HP: 2/110 [manticore (6)]
  8647 | D:11     | Killed a centaur warrior
  8652 | D:11     | Noticed a five-headed hydra
  8660 | D:11     | Killed a nine-headed hydra
  8666 | D:11     | Noticed a tengu warrior
  8673 | D:11     | Killed a tengu warrior
  8686 | D:11     | Reached skill level 15 in Unarmed Combat
  8830 | D:11     | Noticed a boulder beetle
  8845 | D:11     | Killed a boulder beetle
  8910 | D:11     | Noticed a seven-headed hydra
  8920 | D:11     | Killed a 13-headed hydra
  9036 | D:12     | Noticed a six-headed hydra
  9047 | D:12     | Noticed a two-headed ogre
  9049 | D:12     | HP: 1/111 [nine-headed hydra (5)]
  9050 | D:12     | Slain by a ten-headed hydra

Illustrated notes

Levels and vault maps discovered:
D:1:      dpeg_arrival_arbitrary_b, layout_basic,
          shapermc_ecumenical_altar_starsandcircs,
          chequers_serial_rivers_small_b, minmay_rat_gold_closets
D:2:      layout_basic, uniq_robin, uniq_natasha
D:3:      layout_basic, serial_bayou_pond_d
D:4:      layout_gridville, temple_fountains
D:5:      lemuel_castle_with_subvaults [lemuel_castle_interior_carwin_2],
          layout_cave_pools, vehumet_statue, led_xom_imps,
          minmay_misc_feat_roman, uniq_sigmund
D:6:      layout_basic, supply_closet_lemuel, nicolae_take_the_stairs,
          grunt_ministairs_3, nicolae_eternal_life, lemuel_flamethrower_2,
          uniq_edmund
D:7:      layout_loops_ring, nicolae_tso_swordbearing_angel
D:8:      wad_lake_hut, layout_rooms, special_room [special_room_orc],
          serial_ice, serial_ice_d, serial_ice_f, serial_ice_e, serial_ice_g,
          serial_ice_n, serial_ice_j
D:9:      layout_cave_pools, minmay_lair_entry_grove
D:10:     layout_roguey, nicolae_overflow_hidden_temple
D:11:     hangedman_cross_veins, layout_cave_pools, uniq_psyche, uniq_amaemon
D:12:     layout_long_grid, hiddenorc2_lemuel, uniq_fannar
Temple:   mainiacjoe_temple_bowtie_tessellation
Lair:1:   layout_misc_corridors, basic_altar, lemuel_fruit_fields,
          grunt_megastairs_3, uniq_maggie, uniq_erica, uniq_grum

Skill      XL: |  1  2  3  4  5  6  7  8  9 10 11 12 |
---------------+-------------------------------------+-----
Unarmed Combat | 4 5 6 7 8 10 12 14 15 | 15.4
Fighting       | 3 4 5 6 7 8 9 |  9.5
Dodging        | 3 4 5 6 7 8 9 |  9.6
Stealth        | |  1.0

Action                   |  1- 3 |  4- 6 |  7- 9 | 10-12 || total
-------------------------+-------+-------+-------+-------++-------
Melee: Unarmed           |    81 |   149 |   291 |   406 ||   927
       Punch             |     2 |     2 |    17 |    28 ||    49
       Staff             |       |       |       |    24 ||    24
Invok: Ancestor Life: He |       |     1 |       |       ||     1
       Ancestor Identity |       |     1 |       |       ||     1
       Transference      |       |       |       |     1 ||     1
  Use: Potion            |       |     1 |       |     1 ||     2
       Scroll            |       |       |     7 |    15 ||    22
 Stab: Sleeping          |     4 |       |     1 |       ||     5
       Confused          |       |     2 |     3 |     1 ||     6
       Distracted        |       |       |     2 |     3 ||     5
Armor: Robe              |    29 |    56 |    34 |   132 ||   251
Dodge: Dodged            |    39 |    74 |   175 |   347 ||   635
